 Dungeon Sprint DCSS version 0.30.1-11-g7821555f0a (webtiles) character file.

Game seed: 13199817232350256054

1691 Groucho the Geomancer (level 8, -10/53 HPs)
             Began as a Deep Elf Earth Elementalist on Jan 2, 2024.
             Was a High Priest of Sif Muna.
             Mangled by a blink frog (17 damage)
             ... in the Dungeon (Sprint VII: "The Pits").
             The game lasted 00:06:46 (1595 turns).

Groucho the Geomancer (Deep Elf Earth Elementalist) Turns: 1595, Time: 00:06:46

Health: -10/53     AC:  2    Str:  5    XL:     8   Next: 72%
Magic:  2/24       EV: 12    Int: 23    God:    Sif Muna [*****.]
Gold:   0          SH:  0    Dex: 15    Spells: 19/27 levels left

rFire   . . .        n - +2 dagger (drain)
rCold   . . .        (no shield)
rNeg    . . .        a - +0 robe
rPois   .            (no helmet)
rElec   .            (no cloak)
rCorr   .            (no gloves)
SInv    .            (no boots)
Will    .....        (no amulet)
Stlth   +++          (no ring)
HPRegen 0.28/turn    (no ring)
MPRegen 0.19/turn

%: no teleportation
@: marked, invisible
A: no striking features
a: Renounce Religion, Channel Magic, Forget Spell, Divine Exegesis


You were in the Dungeon.
You worshipped Sif Muna.
Sif Muna was extremely pleased with you.
You visited 1 branch

Inventory:

Hand Weapons
 h - a +2 dagger
 i - a +2 falchion
 n - a +2 dagger of draining (weapon)
Armour
 a - a +0 robe (worn)
 d - a +3 ring mail
Scrolls
 k - 5 scrolls of amnesia
 l - a scroll of butterflies
 m - 2 scrolls of vulnerability
Potions
 b - 5 potions of magic
 c - 6 potions of curing
 e - a potion of haste
 f - 3 potions of berserk rage
 j - a potion of invisibility
 o - a potion of heal wounds


   Skills:
 + Level 7.0 Fighting
 - Level 5.0 Short Blades
 - Level 2.4 Dodging
 - Level 7.0 Stealth
 - Level 10.1 Spellcasting
 + Level 10.9 Conjurations
 - Level 1.1 Transmutations
 - Level 12.0 Earth Magic


You had 19 spell levels left.
You knew the following spells:

 Your Spells              Type           Power      Damage    Failure   Level
a - Sandblast             Erth           100%       2d20      1%          1
b - Stone Arrow           Conj/Erth      100%       3d13      1%          3
c - Petrify               Tmut/Erth      41%        N/A       3%          4

Your spell library contained the following spells:

 Spells                   Type           Power      Damage    Failure   Level
 Passwall                 Tmut/Erth      34%        N/A       1%          2
 Fulminant Prism          Conj/Hex       18%        3d10      6%          4
 Cause Fear               Hex            5%         N/A       50%         4
 Metabolic Englaciation   Hex/Ice        5%         N/A       83%         5
 Summon Mana Viper        Hex/Summ       11%        N/A       83%         5
 Enfeeble                 Hex            5%         N/A       100%        7


Dungeon Overview and Level Annotations

Branches:
Dungeon (1/1)

Altars:
Ashenzari
Cheibriados
Dithmenos
Elyvilon
Fedhas
Gozag
Hepliaklqana
Kikubaaqudgha
Makhleb
Nemelex Xobeh
Okawaru
Qazlal
Ru
Sif Muna
Trog
Uskayaw
Vehumet
Wu Jian
Xom
Yredelemnul
Zin
The Shining One
Jiyva
Lugonu


Message History

Aim: Harold, wielding a +0 mace, wearing a +0 scale mail and quivering 3 throwing nets (almost dead, 87% to hit)
The stone arrow hits Harold!!
You kill Harold!
Sif Muna accepts your kill. The blink frog completely misses you.
Your Fighting skill gained 3 levels and is now at level 7!
Your Conjurations skill gained 2 levels and is now at level 10!
Unknown command.
Unknown command.
Casting: Stone Arrow (safe; 1% risk of failure)
Confirm with . or Enter, or press ? or * to list all spells.
Aiming: Stone Arrow (safe; 1% risk of failure)
Press: ? - help, Shift-Dir - straight line, f - blink frog
Aim: a blink frog (almost dead, 61% to hit)
The stone arrow misses the blink frog.
The blink frog blinks! x2
The blink frog closely misses you.
Unknown command.
Unknown command.
Unknown command.
Casting: Stone Arrow (safe; 1% risk of failure)
Confirm with . or Enter, or press ? or * to list all spells.
Aiming: Stone Arrow (safe; 1% risk of failure)
Press: ? - help, Shift-Dir - straight line, f/p - blink frog
Aim: a blink frog (almost dead, 61% to hit)
The stone arrow misses the blink frog.
The blink frog hits you!
* * * LOW HITPOINT WARNING * * *
The blink frog barely misses you. The blink frog closely misses you. x2
Unknown command.
Unknown command.
Unknown command.
You feel much better. The blink frog barely misses you.
The blink frog hits you! The blink frog completely misses you.
The blink frog hits you!
* * * LOW HITPOINT WARNING * * *
You fade into invisibility!
The blink frog hits you.
* * * LOW HITPOINT WARNING * * *
The blink frog blinks!
The blink frog barely misses you. The blink frog completely misses you.
The blink frog hits you!
You die...

#.#..'[))).##.......#
#.#†.#.).).##.......#
#'###########.......#
#.......#..##########
#..#.#..#)######
#.##.##.#)#....#
#.......#†#..F.#
#.##.##F#)'@..F+
#..#.#.@#'#
#.....F§F.#
###########


You could see 3 blink frogs.

Vanquished Creatures
  Harold (D)
  A merfolk (D)
  A blink frog (D)
  A warg (D)
  Menkaure (D)
  A wolf (D)
  2 ogres (D)
  A centaur (D)
  A necrophage (D)
  A bullfrog (D)
  A jelly (D)
  An iguana (D)
  2 adders (D)
  A gnoll (D)
  An ufetubus (D)
  2 ball pythons (D)
  A bat (D)
  A giant cockroach (D)
  A hobgoblin (D)
  4 jackals (D)
  A quokka (D)
27 creatures vanquished.

Notes
Turn   | Place    | Note
-------+----------+-------------------------------------------
     0 | D        | Groucho the Deep Elf Earth Elementalist began the quest for
                  | the Orb.
     0 | D        | Reached XP level 1. HP: 10/10 MP: 6/6
    40 | D        | Found a glowing golden altar of the Shining One.
    40 | D        | Found a glowing silver altar of Zin.
    40 | D        | Found a basalt altar of Yredelemnul.
    40 | D        | Found a shimmering altar of Xom.
    40 | D        | Found an ornate altar of the Wu Jian Council.
    40 | D        | Found a bloodstained altar of Trog.
    40 | D        | Found a shimmering blue altar of Sif Muna.
    40 | D        | Found a sacrificial altar of Ru.
    40 | D        | Found a stormy altar of Qazlal.
    40 | D        | Found an iron altar of Okawaru.
    40 | D        | Found a sparkling altar of Nemelex Xobeh.
    40 | D        | Found a burning altar of Makhleb.
    40 | D        | Found a viscous altar of Jiyva.
    40 | D        | Found a hazy altar of Hepliaklqana.
    40 | D        | Found an opulent altar of Gozag.
    40 | D        | Found a blossoming altar of Fedhas.
    40 | D        | Found a white marble altar of Elyvilon.
    40 | D        | Found a shadowy altar of Dithmenos.
    40 | D        | Found a snail-covered altar of Cheibriados.
    41 | D        | Found a radiant altar of Vehumet.
    41 | D        | Found a corrupted altar of Lugonu.
    42 | D        | Found an ancient bone altar of Kikubaaqudgha.
    42 | D        | Found a hide-covered altar of Uskayaw.
    42 | D        | Found a broken altar of Ashenzari.
    43 | D        | Became a worshipper of Sif Muna the Loreminder
    56 | D        | Reached skill level 5 in Earth Magic
    56 | D        | Reached XP level 2. HP: 7/15 MP: 5/9
   292 | D        | Reached * piety under Sif Muna
   297 | D        | Reached skill level 5 in Spellcasting
   297 | D        | Reached skill level 6 in Earth Magic
   297 | D        | Reached XP level 3. HP: 19/19 MP: 5/11
   298 | D        | Reached ** piety under Sif Muna
   303 | D        | Learned a level 3 spell: Stone Arrow
   592 | D        | Reached skill level 7 in Earth Magic
   737 | D        | Reached *** piety under Sif Muna
   738 | D        | Reached XP level 4. HP: 24/24 MP: 11/14
   906 | D        | Reached skill level 8 in Earth Magic
  1064 | D        | Noticed a bullfrog
  1067 | D        | Killed a bullfrog
  1068 | D        | Reached skill level 10 in Earth Magic
  1068 | D        | Reached XP level 5. HP: 19/28 MP: 9/18
  1068 | D        | Reached **** piety under Sif Muna
  1138 | D        | Noticed a warg
  1145 | D        | Killed a warg
  1146 | D        | Reached skill level 10 in Spellcasting
  1146 | D        | Reached skill level 11 in Earth Magic
  1146 | D        | Reached XP level 6. HP: 32/32 MP: 13/21
  1203 | D        | Reached skill level 5 in Conjurations
  1203 | D        | Reached skill level 12 in Earth Magic
  1236 | D        | Noticed a merfolk
  1243 | D        | Learned a level 4 spell: Petrify
  1248 | D        | Killed a merfolk
  1249 | D        | Reached skill level 5 in Stealth
  1249 | D        | Reached XP level 7. HP: 26/40 MP: 12/22
  1403 | D        | Noticed Menkaure
  1405 | D        | Reached ***** piety under Sif Muna
  1406 | D        | Killed Menkaure
  1407 | D        | Received a gift from Sif Muna
  1409 | D        | Got Sif Muna's Tractate on Ill Luck {god gift}
  1498 | D        | Noticed a blink frog
  1498 | D        | Noticed a blink frog
  1498 | D        | Noticed a blink frog
  1503 | D        | Killed a blink frog
  1504 | D        | Reached skill level 5 in Short Blades
  1504 | D        | Reached XP level 8. HP: 48/48 MP: 17/24
  1582 | D        | Noticed Harold
  1590 | D        | Noticed a blink frog
  1591 | D        | Killed Harold
  1592 | D        | Reached skill level 10 in Conjurations
  1595 | D        | Mangled by a blink frog

Illustrated notes

Levels and vault maps discovered:
D:        pitsprint [storerooms_1, entrance_room_1, metal_vault_3, armoury_3,
          mini_pit_1, grid_room_1, main_hall_1, silver_pit, the_coven_3,
          the_vestibule_1, steel_vault_1, golden_pit, hallway_of_sentries,
          crystal_vault_6, iron_vault_1, final_vault]

Skill      XL: |  1  2  3  4  5  6  7  8 |
---------------+-------------------------+-----
Spellcasting   | 4 5 6 8 10 | 10.1
Earth Magic    | 5 6 7 10 11 12 | 12.0
Conjurations   | 6 8 10 | 10.9
Fighting       | 2 4 7 |  7.0
Short Blades   | 3 5 |  5.0
Stealth        | 5 7 |  7.0
Dodging        | |  2.4
Transmutations | |  1.1

Action                     |  1- 3 |  4- 6 |  7- 9 || total
---------------------------+-------+-------+-------++-------
   Cast: Sandblast         |    17 |     4 |       ||    21
         Stone Arrow       |     1 |     9 |    16 ||    26
    Use: Potion            |     1 |     1 |     4 ||     6
         Scroll            |       |       |     1 ||     1
 Armour: Robe              |       |     1 |       ||     1
  Dodge: Dodged            |    14 |     6 |    13 ||    33
